 Dungeon Crawl Stone Soup version 0.25-a0-547-g27a0b5d1ef (webtiles) character file.

Game seed: 7281112238061475038, levelgen mode: deterministic

6892 BeastOfSaturn the Carver (level 10, -33/69 HPs)
             Began as a Grey Draconian Warper on Feb 22, 2020.
             Was a Believer of Hepliaklqana.
             Killed from afar by a fire giant (41 damage)
             ... with a bolt of fire
             ... on level 9 of the Dungeon.
             The game lasted 00:43:45 (11459 turns).

BeastOfSaturn the Carver (Grey Draconian Warper)   Turns: 11459, Time: 00:43:46

Health: -33/69     AC: 15    Str: 15    XL:     10   Next: 79%
Magic:  14/14      EV: 15    Int: 15    God:    Hepliaklqana [**....]
Gold:   418        SH:  4    Dex: 11    Spells: 7/14 levels left

rFire    . . .     SeeInvis .   x - +1 scimitar
rCold    . . .     Gourm    .   y - +0 buckler
rNeg     . . .     Faith    .   (armour unavailable)
rPois    .         Spirit   .   (helmet restricted)
rElec    .         Reflect  .   i - +2 cloak
rCorr    .         Harm     .   (no gloves)
MR       .....                  (no boots)
Stlth    +.........             (no amulet)
HPRegen  0.21/turn              (no ring)
MPRegen  0.14/turn              (no ring)

@: no status effects
A: walk through water, unfitting armour, reduced essence, unbreathing,
cold-blooded, AC +12
a: Recall Ancestor, Ancestor Identity, Renounce Religion


You were on level 9 of the Dungeon.
You worshipped Hepliaklqana.
Hepliaklqana was pleased with you.
You were not hungry.

You visited 2 branches of the dungeon, and saw 10 of its levels.
You also visited: Sewer.

You collected 418 gold pieces.

Inventory:

Hand Weapons
 x - a +1 scimitar (weapon)
Missiles
 q - 13 poisoned darts
 s - 12 javelins (quivered)
Armour
 i - a +2 cloak (worn)
 y - a +0 buckler (worn)
Wands
 a - a wand of polymorph (2)
 n - a wand of clouds (4)
 u - a wand of acid (7)
 w - a wand of disintegration (7)
Scrolls
 b - 5 scrolls of identify
 c - 5 scrolls of blinking
 d - a scroll of enchant weapon {unknown}
 e - 4 scrolls of remove curse
 k - 7 scrolls of teleportation
 r - 2 scrolls of immolation {unknown}
 z - a scroll of amnesia
 A - 2 scrolls of enchant armour
 B - a scroll of summoning {unknown}
 C - a scroll of vulnerability {unknown}
 D - a scroll of silence {unknown}
Potions
 g - a potion of degeneration {unknown}
 h - 5 potions of curing
 j - 4 potions of heal wounds
 l - 2 potions of brilliance {unknown}
 m - 2 potions of mutation {unknown}
 o - 2 potions of might {unknown}
 p - a potion of flight {unknown}
 t - a potion of haste
Comestibles
 f - 10 rations


   Skills:
 - Level 3.0 Fighting
 * Level 13.3 Long Blades
 + Level 2.6 Throwing
 + Level 6.2 Dodging
 * Level 3.7 Shields
 + Level 2.7 Spellcasting
 - Level 5.0 Translocations


You had 7 spell levels left.
You knew the following spells:

 Your Spells              Type           Power        Failure   Level  Hunger
a - Blink                 Tloc           N/A          4%          2    ##.....
b - Teleport Other        Tloc           ###.....     9%          3    ###....
c - Shroud of Golubria    Chrm/Tloc      #.....       12%         2    ##.....

Your spell library contained the following spells:

 Spells                   Type           Power        Failure   Level  Hunger
 Gell's Gravitas          Tloc           ###.......   9%          3    ###....
 Lesser Beckoning         Tloc           ###.......   9%          3    ###....
 Animate Skeleton         Necr           N/A          22%         1    #......
 Pain                     Necr           #...         22%         1    #......
 Passage of Golubria      Tloc           N/A          26%         4    #####..
 Confusing Touch          Hex            #.......     54%         3    ###....
 Vampiric Draining        Necr           #.........   54%         3    ###....
 Animate Dead             Necr           N/A          91%         4    #####..
 Petrify                  Tmut/Erth      #.......     91%         4    #####..
 Agony                    Necr           #.......     99%         5    ######.
 Metabolic Englaciation   Hex/Ice        #.........   99%         5    ######.
 Yara's Violent Unravell  Hex/Tmut       #.........   99%         5    ######.


Dungeon Overview and Level Annotations

Branches:
Dungeon (9/15)             Temple (1/1) D:5           Sewer (visited)
   Lair: D:8-11         Orc: D:9-12

Altars:
Ashenzari
Cheibriados
Dithmenos
Elyvilon
Fedhas
Gozag
Hepliaklqana
Kikubaaqudgha
Makhleb
Nemelex Xobeh
Okawaru
Qazlal
Sif Muna
Trog
Uskayaw
Vehumet
Wu Jian
Xom
Yredelemnul
Zin
The Shining One

Shops:
D:8 (   D:9 =


Innate Abilities, Weirdness & Mutations

You can walk through water.
Your dull iron-grey scales are very hard. (AC +12)
You cannot fit into any form of body armour.
You can survive without breathing.
You are cold-blooded and may be slowed by cold attacks.
Your life essence is reduced to manifest your ancestor. (-10% HP)


Message History

You blink.
The fire giant gestures at you while chanting.
The bolt of fire misses you.
There is an entrance to Ovafit's Jewellery Emporium here.
You see here 17 stones.
Yxemeruna'te emerges from the mists of memory!
Yxemeruna'te hits the troll with a +0 quarterstaff!!
Yxemeruna'te hits the troll with a +0 quarterstaff!
Yxemeruna'te hits the troll with a +0 quarterstaff!
The troll dies!
Yxemeruna'te barely misses the fire giant.
Yxemeruna'te hits the fire giant with a +0 quarterstaff!
The fire giant casts a spell at you. The bolt of fire hits you!
* * * LOW HITPOINT WARNING * * *
Yxemeruna'te hits the fire giant with a +0 quarterstaff!
The fire giant gestures at you while chanting.
The bolt of fire hits you!!!
Ouch! That really hurt!
You die...

#.#.## ##'#######'## ## #.#.#
#(. ?.( ..# #.#.# ####. #...
.# #.#.###..# #%.[ #
#.#.##...# ##'## #........#
#.)......# #........#
#.##....@###############
#.##..........CT.......##
##.###..........R....##.(.
####..#####....)#......(....#
#...>...# ####...#..###.#####
#.......# #.#...#.........
#.......# #...............
#.......# #####...........
#.......# #..........(


You could see the friendly Yxemeruna'te the battlemage, a fire giant and a
troll.

Vanquished Creatures
  2 hippogriffs
  Sigmund (D:4)
  Grum (D:9)
  A hungry ghost (D:7)
  A steam dragon (D:9)
  Menkaure (D:5)
  A water moccasin (D:7)
  An ice beast (D:4)
  2 ogres
  An eye of draining (D:9)
  A wolf (D:9)
  A centaur (D:2)
  4 big kobolds (Sewer)
  3 bullfrogs
  A water moccasin skeleton (D:4)
  6 wights
  2 vampire bats (D:4)
  2 howler monkeys
  2 crimson imps
  A bullfrog zombie (D:8)
  2 centaur zombies
  A quasit (D:8)
  5 hounds
  3 jellies
  5 orc priests
  4 bullfrog skeletons
  4 orc wizards
  2 iguanas
  7 worker ants
  A hound skeleton (D:5)
  A worker ant zombie (D:9)
  Robin (D:4)
  9 adders
  7 gnolls
  A river rat (D:3)
  2 adder zombies
  3 oozes
  2 adder skeletons (D:7)
  A worm (D:4)
  3 dart slugs
  4 leopard geckos
  18 orcs
  2 ball pythons
  3 bat skeletons (D:4)
  2 bat zombies (D:4)
  7 giant cockroaches
  7 goblins
  7 hobgoblins
  10 jackals
  2 quokkas
  6 bats
  4 frilled lizards
  A giant cockroach zombie (D:6)
  16 kobolds
  A quokka skeleton (D:6)
  7 rats
196 creatures vanquished.

Vanquished Creatures (collateral kills)
  A two-headed ogre (D:9)
  An ugly thing (D:9)
  A troll (D:9)
  A hippogriff (D:9)
  A hungry ghost (D:7)
  An ice beast (D:9)
  A black bear (D:9)
  3 ogres
  A phantom (D:9)
  3 wolves (D:9)
  2 bullfrogs
  A water moccasin skeleton (D:9)
  3 wights
  2 howler monkeys
  2 jellies
  An orc wizard (D:9)
  A hound (D:6)
  6 gnolls
  An adder (D:6)
  3 shadow imps
  An adder zombie (D:9)
  A leopard gecko (D:7)
  6 orcs
  A jackal (D:7)
  2 quokkas
47 creatures vanquished.

Vanquished Creatures (others)
  3 battlemagi (D:9)
3 creatures vanquished.

Grand Total: 246 creatures vanquished

Notes
Turn   | Place    | Note
-------+----------+-------------------------------------------
     0 | D:1      | BeastOfSaturn the Draconian Warper began the quest for the
                  | Orb.
     0 | D:1      | Reached XP level 1. HP: 17/17 MP: 3/3
   401 | D:1      | Reached XP level 2. HP: 24/24 MP: 5/5
  1233 | D:2      | Learned a level 2 spell: Blink
  1588 | D:2      | Reached XP level 3. HP: 25/30 MP: 6/6
  1671 | D:2      | Noticed a centaur
  1679 | D:2      | Reached skill level 1 in Throwing
  1688 | D:2      | Killed a centaur
  1688 | D:2      | Reached skill level 3 in Long Blades
  1688 | D:2      | Reached XP level 4. HP: 36/37 MP: 7/7
  2004 | D:2      | Learned a level 3 spell: Teleport Other
  2050 | D:2      | Found a white marble altar of Elyvilon.
  2305 | D:2      | Reached XP level 5. HP: 42/42 MP: 8/8
  2512 | D:3      | Reached skill level 4 in Long Blades
  2519 | D:3      | Found a glowing silver altar of Zin.
  2673 | D:3      | Found a basalt altar of Yredelemnul.
  2677 | D:3      | Found a hide-covered altar of Uskayaw.
  2802 | D:3      | Found a glowing drain.
  2822 | Sewer    | Entered a sewer
  2935 | Sewer    | Reached XP level 6. HP: 29/50 MP: 9/9
  3093 | Sewer    | Reached skill level 5 in Long Blades
  3541 | D:3      | Reached skill level 6 in Long Blades
  3567 | D:3      | Your scales start taking on a dull iron-grey colour.
  3567 | D:3      | Reached XP level 7. HP: 29/57 MP: 10/10
  3567 | D:3      | Gained mutation: You can survive without breathing. [Grey
                  | Draconian growth]
  4003 | D:4      | Noticed Sigmund
  4129 | D:4      | Found a snail-covered altar of Cheibriados.
  4161 | D:4      | Found an ancient bone altar of Kikubaaqudgha.
  4186 | D:4      | Learned a level 2 spell: Shroud of Golubria
  4231 | D:4      | Killed Sigmund
  4231 | D:4      | Reached skill level 7 in Long Blades
  4372 | D:4      | Noticed Robin
  4412 | D:4      | Killed Robin
  4521 | D:4      | Found a sparkling altar of Nemelex Xobeh.
  4699 | D:4      | Reached XP level 8. HP: 49/63 MP: 11/11
  4874 | D:5      | Entered Level 5 of the Dungeon
  5053 | D:5      | Reached skill level 8 in Long Blades
  5065 | D:5      | Noticed Menkaure
  5104 | D:5      | Killed Menkaure
  5379 | D:5      | Found a staircase to the Ecumenical Temple.
  5390 | D:5      | Reached skill level 9 in Long Blades
  5406 | Temple   | Entered the Ecumenical Temple
  5552 | Temple   | Became a worshipper of Hepliaklqana the Forgotten
  6337 | D:6      | Found an ornate altar of the Wu Jian Council.
  6851 | D:7      | Found a radiant altar of Vehumet.
  7146 | D:7      | Reached XP level 9. HP: 62/62 MP: 12/12
  7431 | D:7      | Reached skill level 1 in Shields
  7434 | D:7      | Reached skill level 10 in Long Blades
  7864 | D:7      | Reached * piety under Hepliaklqana
  7987 | D:7      | Reached skill level 5 in Dodging
  7987 | D:7      | Reached skill level 5 in Translocations
  8188 | D:7      | Got a fine dagger
  8189 | D:7      | Identified the +8 dagger "Draconian's Bane" {drain, rC-
                  | Str+4 Int+4} (You found it on level 7 of the Dungeon)
  8541 | D:8      | Reached skill level 11 in Long Blades
  8568 | D:8      | Found a stormy altar of Qazlal.
  9086 | D:8      | Found Emoc's Antique Weapon Emporium.
  9180 | D:8      | Reached ** piety under Hepliaklqana
  9181 | D:8      | Remembered your ancestor Yxemeruna'te as a battlemage
  9192 | D:8      | Found a shimmering altar of Xom.
  9343 | D:8      | Found a hazy altar of Hepliaklqana.
  9516 | D:8      | Found an iron altar of Okawaru.
  9794 | D:9      | Reached XP level 10. HP: 36/69 MP: 13/13
 10001 | D:9      | Noticed a two-headed ogre
 10008 | D:9      | Killed a two-headed ogre
 10008 | D:9      | Reached skill level 12 in Long Blades
 10171 | D:9      | Found Ovafit's Jewellery Emporium.
 10464 | D:9      | Noticed a fire giant
 10466 | D:9      | Noticed a purple ugly thing
 10553 | D:9      | Killed a purple ugly thing
 10920 | D:9      | Noticed Grum
 10977 | D:9      | Reached skill level 13 in Long Blades
 11003 | D:9      | Killed Grum
 11459 | D:9      | Killed from afar by a fire giant

Levels and vault maps discovered:
D:1:      nzn_arrival_crosshair, layout_basic, kennysheep_nondescript,
          minivault_26, minmay_tree_intersection
D:2:      layout_rooms, chequers_serial_rivers_micro_b, elyvilon_altar_3
D:3:      layout_loops_ring, lemuel_crystal_altar, lemuel_crystal_altar,
          lemuel_coloured_pillars_altar, portal_sewer_entry_a
D:4:      layout_cave_pools, cheibriados_altar_1,
          nemelex_xobeh_ov_fountains_minmay, kennysheep_vampire_church,
          nicolae_ru_the_path_less_chosen, first_ration, uniq_sigmund,
          uniq_robin
D:5:      layout_basic, minmay_temple_entry_glassed_door, uniq_menkaure
D:6:      layout_rooms, lemuel_doored_altar, eino_curves_01,
          hangedman_abyss_or_decor_slice
D:7:      layout_cave_pods, vehumet_crystals
D:8:      layout_basic, kennysheep_mini, grunt_qazlal_sundering,
          kennysheep_little_box, serial_shops, shop, basic_altar,
          grunt_ogre_cave
D:9:      layout_rooms, serial_shops, shop, minmay_evil_grid, uniq_grum
Temple:   compressed_dpeg_triangle_lava_temple

Skill      XL: |  1  2  3  4  5  6  7  8  9 10 |
---------------+-------------------------------+-----
Throwing       | 1 2 |  2.6
Long Blades    | 3 4 6 7 9 11 13 | 13.3
Dodging        | 3 4 5 6 |  6.2
Fighting       | 3 |  3.0
Translocations | 4 5 |  5.0
Shields        | 2 3 |  3.7
Spellcasting   | |  2.7

Action                   |  1- 3 |  4- 6 |  7- 9 | 10-12 || total
-------------------------+-------+-------+-------+-------++-------
Melee: Falchion          |    81 |   281 |   360 |       ||   722
       Tailslap          |     3 |    37 |    75 |    20 ||   135
       Long sword        |       |       |   118 |       ||   118
       Scimitar          |       |       |   136 |   103 ||   239
Throw: Boomerang         |     5 |       |       |       ||     5
       Dart              |       |     2 |    23 |       ||    25
       Javelin           |       |       |     5 |     5 ||    10
 Cast: Shroud of Golubri |       |       |     4 |       ||     4
       Blink             |       |       |     1 |     7 ||     8
       Teleport Other    |       |       |     1 |       ||     1
Invok: Ancestor Identity |       |       |     1 |       ||     1
       Ancestor Life: Ba |       |       |     1 |       ||     1
  Use: Scroll            |       |     7 |       |       ||     7
 Stab: Distracted        |       |       |     4 |       ||     4
       Sleeping          |       |       |     1 |       ||     1
  Eat: Chunk             |     2 |     4 |    15 |     3 ||    24
       Ration            |       |     1 |     4 |     2 ||     7
Armor: Skin              |    31 |   132 |   263 |    51 ||   477
Dodge: Dodged            |    58 |   191 |   427 |    69 ||   745
Block: Buckler           |       |       |    29 |    22 ||    51
       Rpst.: Falchion   |    13 |    72 |    80 |       ||   165
       Long sword        |       |       |    31 |       ||    31
       Scimitar          |       |       |    21 |    23 ||    44

Table legend:
 A = Non-vault XP
 B = Vault XP
 C = Vault XP percentage of total XP
 D = Non-vault monster count
 E = Vault monster count
 F = Vault count percentage of total count
                 A         B        C        D         E       F
            +---------+---------+-------+---------+---------+-------
      Total |    6786 |    3061 |  31.1 |     186 |      57 |  23.5
            +---------+---------+-------+---------+---------+-------
        D:1 |      31 |       0 |   0.0 |      10 |       0 |   0.0
        D:2 |     167 |       0 |   0.0 |      20 |       0 |   0.0
        D:3 |     142 |      14 |   9.0 |      23 |       1 |   4.2
        D:4 |     327 |     365 |  52.7 |       8 |      17 |  68.0
        D:5 |     546 |     172 |  24.0 |      17 |       1 |   5.6
        D:6 |     329 |       0 |   0.0 |      18 |       0 |   0.0
        D:7 |    1824 |       0 |   0.0 |      35 |       0 |   0.0
        D:8 |     729 |     118 |  13.9 |      24 |       1 |   4.0
        D:9 |    2691 |    1965 |  42.2 |      31 |      13 |  29.5
      Sewer |       0 |     427 | 100.0 |       0 |      24 | 100.0
            +---------+---------+-------+---------+---------+-------
